 Dungeon Crawl Stone Soup version 0.27.0-1-g7a089689b8 (webtiles) character file.

Game seed: 6459230597934432247

1863 fiver49 the Carver (level 9, -3/54 HPs)
             Began as a Formicid Warper on Aug 2, 2021.
             Was an Elder of Hepliaklqana.
             Slain by a boulder beetle (20 damage)
             ... on level 7 of the Dungeon.
             The game lasted 00:11:09 (8970 turns).

fiver49 the Carver (Formicid Warper)                Turns: 8970, Time: 00:11:09

Health: -3/54      AC:  5    Str: 18    XL:     9   Next: 35%
Magic:  0/12       EV: 10    Int: 14    God:    Hepliaklqana [****..]
Gold:   231        SH:  3    Dex: 10    Spells: 12/12 levels left

rFire    . . .     SeeInvis +   x - +0 falchion (vorpal)
rCold    . . .     Faith    .   u - +0 buckler
rNeg     . . .     Spirit   +   d - +0 ring mail
rPois    .         Reflect  .   (helmet unavailable)
rElec    .         Harm     .   (no cloak)
rCorr    .         Rampage  .   (no gloves)
Will     .....                  (no boots)
Stlth    ..........             m - amulet of guardian spirit
HPRegen  0.18/turn              A - ring of flight
MPRegen  0.13/turn              (no ring)

@: flying
A: reduced essence, permanent stasis, dig shafts and tunnels, antennae 3, four
strong arms
a: Dig, Shaft Self, Renounce Religion, Recall Ancestor, Ancestor Identity,
Transference, Idealise


You were on level 7 of the Dungeon.
You worshipped Hepliaklqana.
Hepliaklqana was greatly pleased with you.
You visited 1 branch of the dungeon, and saw 7 of its levels.

You collected 231 gold pieces.

Inventory:

Hand Weapons
 a - a +0 falchion
 x - a +0 vorpal falchion (weapon)
Missiles
 c - 5 boomerangs of dispersal
 r - a curare-tipped dart
 z - 7 boomerangs
Armour
 b - a +0 leather armour
 d - a +0 ring mail (worn)
 u - a +0 buckler (worn)
Jewellery
 m - an amulet of guardian spirit (around neck)
 A - a ring of flight (left hand)
 B - a +6 ring of strength
Wands
 p - a wand of iceblast (4)
 y - a wand of flame (13)
Scrolls
 e - 3 scrolls of identify {unknown}
 f - 2 scrolls of teleportation {unknown}
 j - a scroll of noise {unknown}
 l - 3 scrolls of fog {unknown}
 t - a scroll of summoning {unknown}
 v - a scroll of enchant weapon {unknown}
 w - a scroll of magic mapping {unknown}
Potions
 g - a potion of lignification {unknown}
 h - 2 potions of curing
 i - 2 potions of brilliance {unknown}
 k - 2 potions of mutation {unknown}
 n - a potion of magic {unknown}
 o - a potion of degeneration {unknown}
 q - a potion of berserk rage {unknown}
 s - a potion of attraction {unknown}


   Skills:
 - Level 2.1 Fighting
 + Level 11.5 Long Blades
 - Level 1.0 Throwing
 - Level 1.1 Armour
 - Level 1.7 Dodging
 - Level 2.1 Spellcasting
 - Level 2.6 Translocations


You had 12 spell levels left.
You didn't know any spells.
Your spell library contained the following spells:

 Spells                   Type           Power      Damage    Failure   Level
 Animate Skeleton         Necr           2%         N/A       56%         1
 Pain                     Necr           4%         1d4       56%         1
 Gell's Gravitas          Tloc           4%         N/A       56%         3
 Lesser Beckoning         Tloc           4%         N/A       56%         3
 Teleport Other           Tloc           9%         N/A       56%         3
 Ignite Poison            Fire/Tmut/Pois 1%         N/A       91%         3
 Mephitic Cloud           Conj/Pois/Air  1%         N/A       91%         3
 Vampiric Draining        Necr           0%         2d6       91%         3
 Bolt of Magma            Conj/Fire/Erth 0%         4d4       100%        5
 Manifold Assault         Tloc           9%         N/A       100%        5
 Summon Forest            Summ/Tloc      2%         N/A       100%        5
 Summon Mana Viper        Hex/Summ       1%         N/A       100%        5
 Shadow Creatures         Summ           N/A        N/A       100%        6
 Blink                    Tloc           Unusable   N/A       N/A         2

Dungeon Overview and Level Annotations

Branches:
Dungeon (7/15)             Temple (0/1) D:6

Altars:
Cheibriados
Hepliaklqana
Kikubaaqudgha
Nemelex Xobeh
Qazlal
Sif Muna
Zin


Innate Abilities, Weirdness & Mutations

Your life essence is reduced to manifest your ancestor. (-10% HP)
You cannot be hasted, slowed, berserked, paralysed or teleported.
You can dig through walls and to a lower floor.
You have a pair of large antennae on your head. (SInv)
Your four strong arms can wield two-handed weapons with a shield.


Message History

You swap places.
A boulder beetle comes into view.
The boulder beetle curls into a ball and begins rolling!
A boulder beetle is nearby!
You swap places.
The boulder beetle hits Wilburh!!
The boulder beetle stops rolling and uncurls.
Wilburh hits the boulder beetle but does no damage.
The boulder beetle curls into a ball and begins rolling!
Wilburh hits the boulder beetle with a +0 dagger of draining.
The boulder beetle closely misses Wilburh.
The boulder beetle stops rolling and uncurls.
Wilburh hits the boulder beetle with a +0 dagger of draining.
The boulder beetle bites Wilburh!
Wilburh is destroyed!
The boulder beetle leaps!
There is a stone staircase leading up here.
You barely miss the boulder beetle. The boulder beetle bites you.
You hit the boulder beetle but do no damage.
The boulder beetle bites you but does no damage.
You hit the boulder beetle but do no damage.
You hit the boulder beetle but do no damage.
The boulder beetle bites you!!
You hit the boulder beetle but do no damage.
The boulder beetle bites you but does no damage.
You hit the boulder beetle but do no damage.
The boulder beetle bites you but does no damage.
You hit the boulder beetle but do no damage.
The boulder beetle barely misses you.
You hit the boulder beetle but do no damage.
You hit the boulder beetle but do no damage.
The boulder beetle bites you!
You hit the boulder beetle but do no damage.
The boulder beetle bites you!!
* * * LOW HITPOINT WARNING * * *
Okay, then.
You hit the boulder beetle but do no damage.
The boulder beetle barely misses you.
It was a potion of curing.
You feel better. The boulder beetle bites you!!
You die...

.##......>..........#
#.#
.##....[...###...#..#
#.#
.##.........##...#..#
#.#
.##.........##...#..#
#.#
.####.......##...#..#
#.# .#
##......##...#..# #.#
######.##...##...#..#
#.#
....##.##...........#
#.#
........#....#..@...#
#.#
........#..#.##B#####
#.#
........+..#......#
#<#
........#####.#.#.#
### ........# #...#.#
........# ##..#.#
........#
####..#.#######
........#
#.....#.......#
........#
#....>....###.#


You could see a boulder beetle.

Vanquished Creatures
  Eustachio (D:4)
  A kobold brigand (D:4)
  3 phantoms
  A scorpion (D:5)
  A wyvern zombie (D:7)
  A howler monkey (D:7)
  4 hounds
  An orc priest (D:6)
  A gnoll shaman (D:6)
  5 orc wizards
  A howler monkey zombie (D:6)
  5 gnolls
  An adder (D:6)
  6 worms
  4 dart slugs
  13 orcs
  4 ball pythons
  3 bats
  7 endoplasms
  A giant cockroach (D:3)
  5 hobgoblins
  8 jackals
  3 kobolds
  5 goblins
  A rat (D:1)
86 creatures vanquished.

Vanquished Creatures (collateral kills)
  An ice beast (D:5)
  A black bear (D:4)
  A gnoll sergeant (D:5)
  A scorpion (D:6)
  A water moccasin skeleton (D:4)
  2 howler monkeys (D:7)
  A centaur zombie (D:7)
  2 bullfrog zombies
  2 orc priests (D:3)
  3 orc wizards
  2 iguanas (D:6)
  4 gnolls
  An adder (D:4)
  A white imp (D:5)
  14 orcs
  A ball python (D:4)
  An endoplasm (D:1)
  A goblin (D:2)
  A jackal (D:5)
  2 kobolds
  A bat (D:2)
  A frilled lizard (D:3)
45 creatures vanquished.

Vanquished Creatures (others)
  2 hexers
  An ancestor (D:3)
3 creatures vanquished.

Grand Total: 134 creatures vanquished

Notes
Turn   | Place    | Note
-------+----------+-------------------------------------------
     0 | D:1      | fiver49 the Formicid Warper began the quest for the Orb.
     0 | D:1      | Reached XP level 1. HP: 16/16 MP: 3/3
   322 | D:1      | Reached XP level 2. HP: 20/22 MP: 5/5
   756 | D:1      | Reached skill level 3 in Long Blades
   762 | D:1      | Reached XP level 3. HP: 11/27 MP: 6/6
  1050 | D:1      | Found a faded altar of an unknown god.
  1069 | D:1      | Became a worshipper of Hepliaklqana the Forgotten
  1069 | D:1      | Reached * piety under Hepliaklqana
  1547 | D:2      | Found a snail-covered altar of Cheibriados.
  1893 | D:2      | Reached skill level 4 in Long Blades
  1893 | D:2      | Reached XP level 4. HP: 29/29 MP: 7/7
  2682 | D:3      | Found a snail-covered altar of Cheibriados.
  2739 | D:3      | Reached ** piety under Hepliaklqana
  2740 | D:3      | Remembered your ancestor Wilburh as a hexer
  2851 | D:3      | Found a sparkling altar of Nemelex Xobeh.
  2941 | D:3      | Reached skill level 5 in Long Blades
  2941 | D:3      | Reached XP level 5. HP: 9/34 MP: 8/8
  3269 | D:3      | Found a stormy altar of Qazlal.
  3517 | D:3      | Found an ancient bone altar of Kikubaaqudgha.
  4068 | D:4      | Reached XP level 6. HP: 32/39 MP: 9/9
  4190 | D:4      | Reached skill level 6 in Long Blades
  4306 | D:4      | Noticed Eustachio
  4386 | D:4      | Noticed a black bear
  4408 | D:4      | Killed a black bear
  4473 | D:4      | Reached skill level 7 in Long Blades
  4473 | D:4      | Reached XP level 7. HP: 20/45 MP: 10/10
  5056 | D:4      | Killed Eustachio
  5057 | D:4      | Reached skill level 8 in Long Blades
  5057 | D:4      | Reached XP level 8. HP: 50/50 MP: 11/11
  5122 | D:5      | Entered Level 5 of the Dungeon
  5840 | D:5      | Reached skill level 9 in Long Blades
  6342 | D:5      | Identified the +9 hunting sling "Eleaxzet" {venom, MP+9}
  6436 | D:5      | Reached skill level 10 in Long Blades
  6754 | D:5      | Found a glowing silver altar of Zin.
  6754 | D:5      | Noticed an angel
  7123 | D:6      | Found a staircase to the Ecumenical Temple.
  7311 | D:6      | Reached XP level 9. HP: 40/54 MP: 12/12
  7412 | D:6      | Reached *** piety under Hepliaklqana
  7869 | D:6      | Reached skill level 11 in Long Blades
  8600 | D:7      | Found a shimmering blue altar of Sif Muna.
  8778 | D:7      | Reached **** piety under Hepliaklqana
  8941 | D:7      | Noticed a boulder beetle
  8970 | D:7      | Slain by a boulder beetle

Illustrated notes

Levels and vault maps discovered:
D:1:      scummos_arrival_forest, layout_basic, shapermc_ecumenical_altar_ellora
D:2:      layout_loops_ring, basic_altar, kennysheep_cluttered_room
D:3:      layout_basic, mainiacjoe_overflow_six_doors_small, slow_altar_2,
          mainiacjoe_overflow_cross_hatched, lemuel_tele_altar,
          kennysheep_generic_room_14
D:4:      layout_rooms, uniq_eustachio
D:5:      layout_loops_ring, zin_angel, minmay_a_box_with_orc_wizards_in_it
D:6:      layout_gridville, minmay_temple_entry_slanted
D:7:      layout_basic, mainiacjoe_overflow_paths, chequers_mini_garden

Skill      XL: |  1  2  3  4  5  6  7  8  9 |
---------------+----------------------------+-----
Long Blades    | 3 4 5 7 8 10 11 | 11.5
Fighting       | |  2.1
Throwing       | |  1.0
Armour         | |  1.1
Dodging        | |  1.7
Spellcasting   | |  2.1
Translocations | |  2.6

Action                   |  1- 3 |  4- 6 |  7- 9 || total
-------------------------+-------+-------+-------++-------
Melee: Falchion          |   101 |   117 |   287 ||   505
Throw: Dart              |       |       |     1 ||     1
Invok: Ancestor Life: He |       |     1 |       ||     1
 Abil: Dig               |     1 |       |       ||     1
Evoke: Wand              |       |       |     2 ||     2
  Use: Potion            |       |       |     1 ||     1
 Stab: Confused          |       |     1 |     3 ||     4
       Distracted        |       |       |     4 ||     4
Armor: Ring mail         |    59 |    36 |    54 ||   149
Dodge: Dodged            |    59 |    53 |   124 ||   236
Block: Buckler           |       |       |    19 ||    19
       Rpst.: Falchion   |    24 |    13 |    35 ||    72
